 Dungeon Crawl Stone Soup version 0.21.1-1-g345015f (webtiles) character file.

82 pk666 the Magician (level 4, 0/24 HPs)
             Began as a Deep Elf Wizard on Feb 13, 2018.
             Killed from afar by pk666's ghost (2 damage)
             ... with a magic dart
             ... on level 3 of the Dungeon.
             The game lasted 00:04:36 (1846 turns).

pk666 the Magician (Deep Elf Wizard)                Turns: 1846, Time: 00:04:37

Health: 0/24       AC:  2    Str:  4    XL:     4   Next: 21%
Magic:  8/13       EV: 13    Int: 24    God:
Gold:   106        SH:  0    Dex: 13    Spells: 4/13 levels left

rFire    . . .     SeeInvis .   i - +0 dagger (venom)
rCold    . . .     Gourm    .   (no shield)
rNeg     . . .     Faith    .   a - +0 robe
rPois    .         Spirit   .   b - +0 hat
rElec    .         Reflect  .   (no cloak)
rCorr    .         Harm     .   (no gloves)
MR       .....                  (no boots)
Stlth    ++........             (no amulet)
HPRegen  0.08/turn              (no ring)
MPRegen  0.13/turn              (no ring)

@: no status effects
A: no striking features
a: no special abilities


You were on level 3 of the Dungeon.
You were hungry.

You visited 1 branch of the dungeon, and saw 3 of its levels.

You collected 106 gold pieces.

Inventory:

Hand Weapons
 i - a +0 dagger of venom (weapon)
Armour
 a - a +0 robe (worn)
 b - a +0 hat (worn)
Jewellery
 h - an uncursed ring of see invisible {unknown}
Wands
 l - a wand of scattershot (4)
Scrolls
 f - 2 scrolls of identify {unknown}
 g - 2 scrolls of enchant armour {unknown}
 j - 2 scrolls of fog {unknown}
 k - a scroll of blinking {unknown}
 n - a scroll of noise {unknown}
 p - 4 scrolls of teleportation {unknown}
 q - a scroll of remove curse {unknown}
 r - a scroll of enchant weapon {unknown}
Potions
 e - 2 potions of brilliance {unknown}
 m - a potion of haste {unknown}
 o - a potion of cancellation {unknown}
 s - a potion of curing
Books
 c - a book of Minor Magic

   Spells                             Type                      Level
   a - Magic Dart                     Conjuration                  1
   b - Blink                          Translocation                2
   c - Call Imp                       Summoning                    2
   d - Slow                           Hexes                        2
   e - Conjure Flame                  Conjuration/Fire             3
   f - Mephitic Cloud                 Conjuration/Poison/Air       3
Comestibles
 d - 5 rations


   Skills:
 + Level 3.3 Dodging
 - Level 2.4 Stealth
 + Level 5.1 Spellcasting
 + Level 2.3 Conjurations
   Level 1.1 Summonings
 - Level 1.1 Translocations
 * Level 1.2 Fire Magic
 * Level 0.8 Air Magic
 * Level 1.0 Poison Magic


You had 4 spell levels left.
You knew the following spells:

 Your Spells              Type           Power        Failure   Level  Hunger
a - Magic Dart            Conj           ###.         3%          1    None
b - Blink                 Tloc           N/A          9%          2    None
d - Conjure Flame         Conj/Fire      ##......     13%         3    ##.....
z - Mephitic Cloud        Conj/Pois/Air  ##......     14%         3    ##.....


Dungeon Overview and Level Annotations

Branches:
Dungeon (3/15)

Altars:
Cheibriados
Xom

Annotations:
D:3 pk666's ghost, amateur DEWz


Message History

The orc priest casts a cantrip, but nothing happens.
The orc priest invokes the aid of Beogh against you.
Beogh smites you!
Pk666's ghost (amateur Deep Elf Wizard) comes into view.
Pk666's ghost turns its malevolent gaze towards you.
The orc priest invokes the aid of Beogh against you.
Beogh smites you!
Ouch! That really hurt!
* * * LOW HITPOINT WARNING * * *
Pk666's ghost whispers, "Death is liberation."
Casting: Magic Dart
Confirm with . or Enter, or press ? or * to list all spells.
You blink.
Pk666's ghost mumbles some strange words.
Pk666's ghost blinks!
An orc comes into view. It is wielding a club.
The orc shouts!
Pk666's ghost gestures at you while chanting.
The magic dart hits you!
You die...

#.# #.# #.# #.#
#.# ##.#### #.#
#.....#
#.####...<.#
#..........#
######.....#
######.
#.....##.......
##W....@....#
##.####o...#
#.# .#.## #.#
.# .. ..# .. .#
#. .. .# ### #


You could see pk666's ghost and an orc.

Vanquished Creatures
  2 adders (D:2)
  A shadow imp (D:2)
  2 oozes (D:1)
  3 dart slugs
  An orc (D:3)
  3 giant cockroaches
  4 hobgoblins
  7 bats
  3 frilled lizards (D:2)
  2 goblins (D:1)
  9 kobolds
  8 rats
45 creatures vanquished.

Notes
Turn   | Place    | Note
-------+----------+-------------------------------------------
     0 | D:1      | pk666 the Deep Elf Wizard began the quest for the Orb.
     0 | D:1      | Reached XP level 1. HP: 10/10 MP: 7/7
   172 | D:1      | Reached XP level 2. HP: 15/15 MP: 7/9
   539 | D:1      | Reached XP level 3. HP: 18/19 MP: 9/11
   543 | D:1      | Learned a level 2 spell: Blink
   547 | D:1      | Learned a level 3 spell: Mephitic Cloud
   551 | D:1      | Learned a level 3 spell: Conjure Flame
  1159 | D:2      | Reached skill level 5 in Spellcasting
  1254 | D:2      | Found a snail-covered altar of Cheibriados.
  1497 | D:2      | Reached skill level 1 in Fire Magic
  1564 | D:2      | Reached XP level 4. HP: 24/24 MP: 9/13
  1568 | D:2      | Reached skill level 1 in Poison Magic
  1639 | D:2      | Found a shimmering altar of Xom.
  1639 | D:2      | Found a shimmering altar of Xom.
  1640 | D:2      | Found a shimmering altar of Xom.
  1640 | D:2      | Found a shimmering altar of Xom.
  1685 | D:2      | Found a shimmering altar of Xom.
  1840 | D:3      | Noticed pk666's ghost (amateur DEWz)
  1846 | D:3      | Killed from afar by pk666's ghost

Skill      XL: |  1  2  3  4 |
---------------+-------------+-----
Dodging        | 3 |  3.3
Conjurations   | 2 |  2.3
Spellcasting   | 5 |  5.1
Fire Magic     | 1 |  1.2
Poison Magic   | 1 |  1.0
Stealth        | |  2.4
Summonings     | |  1.1
Translocations | |  1.1
Air Magic      | |  0.8

Action                   |  1- 3 |  4- 6 || total
-------------------------+-------+-------++-------
 Cast: Magic Dart        |   116 |    15 ||   131
       Blink             |       |     1 ||     1
  Eat: Chunk             |     2 |       ||     2
Armor: Robe              |     4 |       ||     4
Dodge: Dodged            |    27 |       ||    27
